 Dungeon Crawl Stone Soup version 0.18-a0-1418-ga86aa8f (webtiles) character file.

172 dorian the Sneak (level 5, -1/26 HPs)
             Began as a Vine Stalker Assassin on Feb 26, 2016.
             Slain by an iguana (8 damage)
             ... on level 3 of the Dungeon.
             The game lasted 00:04:23 (2488 turns).

dorian the Sneak (Vine Stalker Assassin)            Turns: 2488, Time: 00:04:24

Health: -1/26      AC:  6    Str: 19    XL:     5   Next: 53%
Magic:  0/6        EV: 11    Int: 11    God:
Gold:   212        SH:  0    Dex: 16    Spells: 0 memorised, 4 levels left

rFire  . . .     SeeInvis .     y - +0 short sword (flame)
rCold  . . .     Gourm    .     A - +1 robe of Mirth {rElec Str+5}
rNeg   . . .     Faith    .     (no shield)
rPois  .         Spirit   +     n - +1 helmet
rElec  +         Dismiss  .     d - +0 cloak
rCorr  .         Reflect  .     (no gloves)
SustAt +         Harm     .     (no boots)
MR     .....                    (no amulet)
Stlth  ++++......               (no ring)
                                B - ring of sustain attributes

@: not resistant to hostile enchantments, stealthy
A: fangs 2, regeneration 1, magic shield, antimagic bite, no device heal 3, rot
immunity
a: no special abilities


You were on level 3 of the Dungeon.
You were not hungry.

You visited 1 branch of the dungeon, and saw 4 of its levels.

You collected 212 gold pieces.

Inventory:

Hand Weapons
 a - a +2 dagger
 b - a +0 blowgun
 y - a +0 short sword of flaming (weapon)
Missiles
 e - 8 poisoned needles
 f - 2 curare-tipped needles
Armour
 c - a +0 robe
 d - a +0 cloak (worn)
 n - a +1 helmet (worn)
 x - a +0 cloak
 A - the +1 robe of Mirth (worn) {rElec Str+5}
   (You found it on level 4 of the Dungeon)

   It affects your strength (+5).
   It insulates you from electricity.
Jewellery
 B - a ring of sustain attributes (left hand)
Scrolls
 i - a scroll of enchant armour {unknown}
 l - 2 scrolls of recharging {unknown}
 m - 2 scrolls of magic mapping {unknown}
 r - 2 scrolls of identify {unknown}
 u - a scroll of remove curse {unknown}
Potions
 h - 2 potions of heal wounds {unknown}
 j - a potion of haste {unknown}
 k - a potion of curing {unknown}
 p - a potion of cancellation {unknown}
 q - 2 potions of brilliance {unknown}
 s - 2 potions of flight {unknown}
 t - 2 potions of degeneration {unknown}
 v - a potion of lignification {unknown}
 w - a potion of berserk rage {unknown}
Comestibles
 g - 4 bread rations
 o - a meat ration
 z - 7 chunks of flesh


   Skills:
 - Level 1.7 Fighting
 + Level 3.7 Short Blades
 - Level 1.7 Throwing
 - Level 0.7 Dodging
 + Level 6.8 Stealth


You had 4 spell levels left.
You didn't know any spells.

Dungeon Overview and Level Annotations

Branches:
Dungeon (4/15)
 Temple: D:4-7

Altars:
Fedhas


Innate Abilities, Weirdness & Mutations

You have extremely sharp teeth.
Your natural rate of healing is unusually fast.
When hurt, damage is shared between your health and your magic reserves.
Your bite disrupts and absorbs the magic of your enemies.
Potions and wands cannot restore your health.
You are immune to rotting.


Message History

The iguana is moderately wounded.
The iguana bites you.
* * * LOW HITPOINT WARNING * * *
You are too injured to fight recklessly!
You are too injured to fight recklessly!
You are too injured to fight recklessly!
You are too injured to fight recklessly!
You are too injured to fight recklessly!
You are too injured to fight recklessly!
You are too injured to fight recklessly!
You hit the iguana but do no damage. You bite the iguana, but do no damage.
The iguana is moderately wounded.
The iguana misses you.
You hit the iguana but do no damage. Your bite misses the iguana.
The iguana is moderately wounded.
The iguana barely misses you.
You hit the iguana but do no damage. Your bite misses the iguana.
The iguana is moderately wounded.
The iguana bites you!
You die...

............##.....# #.#.#
............#8.....8# #.#.#
............##.....## #.#.#
............##8...8#######.#.#
............##.....##......#.#
............#8.....8########.#
............##.....# #.#
.....)......##8.l.8# #.#
............# ##@## #.#
............################.#
.............................#
.....................#########
....................).......#
.<...................######.#####
.....................# #.#...#
.....................# #.#.#.#
.....................# #.#.#g#


You could see an iguana.

Vanquished Creatures
  A centaur skeleton (D:4)
  4 gnolls
  4 adders
  A worm (D:2)
  2 dart slugs
  A giant gecko (D:4)
  3 orcs (D:4)
  5 bats
  3 giant cockroaches
  6 goblins
  10 hobgoblins
  3 jackals (D:1)
  2 quokkas (D:4)
  A ball python (D:3)
  5 giant newts
  5 kobolds
  6 rats
62 creatures vanquished.

Notes
Turn   | Place    | Note
--------------------------------------------------------------
     0 | D:1      | dorian the Vine Stalker Assassin began the quest for the Orb.
     0 | D:1      | Reached XP level 1. HP: 11/11 MP: 2/2
    36 | D:1      | Reached skill level 5 in Stealth
    62 | D:1      | Reached XP level 2. HP: 15/15 MP: 3/3
   541 | D:2      | Reached XP level 3. HP: 18/18 MP: 4/4
  1421 | D:3      | Reached XP level 4. HP: 11/23 MP: 5/5
  1466 | D:3      | Found a blossoming altar of Fedhas.
  1943 | D:4      | Noticed an ogre
  1948 | D:4      | Reached skill level 6 in Stealth
  2238 | D:3      | Reached XP level 5. HP: 19/26 MP: 6/6
  2323 | D:4      | Got a slimy robe
  2335 | D:4      | Identified the +1 robe of Mirth {rElec Str+5} (You found it on level 4 of the Dungeon)
  2488 | D:3      | Slain by an iguana

Vault maps used:
D:1:      minmay_arrival_stone_box, dk_noncrumbling_2
D:2:      first_bread, minmay_cupped
D:3:      nicolae_overflow_hidden_temple
D:4:      eino_tiny_chamber, minmay_misc_feat_five, hangedman_glass_teeth,
          hangedman_minor_gate_pass

Skill      XL: |  1  2  3  4 |
---------------+-------------+-----
Stealth        | 5 6 |  6.8
Short Blades   | 2 3 |  3.7
Fighting       | |  1.7
Throwing       | |  1.7
Dodging        | |  0.7

Action                   |  1- 3 |  4- 6 || total
-------------------------+-------+-------++-------
Melee: Dagger            |    94 |    23 ||   117
       Short sword       |       |    62 ||    62
 Stab: Sleeping          |    18 |       ||    18
  Eat: Chunk             |     2 |     3 ||     5
